 Dungeon Crawl Stone Soup version 0.23-a0-635-g88ca12a (webtiles) character file.

78 galech the Skirmisher (level 4, -1/35 HPs)
             Began as a Demonspawn Fighter on Dec 27, 2018.
             Slain by an orc wizard
             ... wielding a cursed +0 dagger
              (2 damage)
             ... on level 3 of the Dungeon.
             The game lasted 00:02:13 (1965 turns).

galech the Skirmisher (Demonspawn Fighter)          Turns: 1965, Time: 00:02:13

Health: -1/35      AC:  6    Str: 22    XL:     4   Next: 15%
Magic:  4/4        EV:  7    Int: 14    God:
Gold:   188        SH: 12    Dex: 13    Spells: 3/3 levels left

rFire    . . .     SeeInvis .   a - +0 war axe
rCold    . . .     Gourm    .   c - +0 shield
rNeg     . . .     Faith    .   b - +0 scale mail
rPois    .         Spirit   .   (no helmet)
rElec    .         Reflect  +   (no cloak)
rCorr    .         Harm     .   (no gloves)
MR       .....                  (no boots)
Stlth    ..........             n - +3 amulet of reflection
HPRegen  0.11/turn              (no ring)
MPRegen  0.09/turn              (no ring)

@: mighty, brilliant, flying
A: claws 1, powered by death 1
a: no special abilities


You were on level 3 of the Dungeon.
You were not hungry.

You visited 1 branch of the dungeon, and saw 3 of its levels.

You collected 188 gold pieces.

Inventory:

Hand Weapons
 a - a +0 war axe (weapon)
Armour
 b - a +0 scale mail (worn)
 c - a +0 shield (worn)
Jewellery
 n - a +3 amulet of reflection (around neck)
Scrolls
 e - a scroll of fog {unknown}
 h - 2 scrolls of identify {unknown}
 j - a scroll of magic mapping {unknown}
 m - 2 scrolls of remove curse {unknown}
 o - a scroll of immolation {unknown}
 q - a scroll of noise {unknown}
Potions
 d - a potion of might
 i - a potion of degeneration {unknown}
 l - a potion of flight
 p - a potion of lignification {unknown}
Comestibles
 f - 5 rations
 g - 3 chunks of flesh


   Skills:
 + Level 3.4 Fighting
 + Level 3.0 Axes
 + Level 2.8 Armour
 + Level 0.8 Dodging
 + Level 0.2 Stealth
 + Level 3.0 Shields


You had 3 spell levels left.
You didn't know any spells.
Your spell library was empty.

Dungeon Overview and Level Annotations

Branches:
Dungeon (3/15)

Altars:
Fedhas


Innate Abilities, Weirdness & Mutations

You have sharp fingernails.
You regenerate a little health from kills.


Message History

Something hits you.
* * * LOW HITPOINT WARNING * * *
You closely miss something.
Something hits you but does no damage. x2
You barely miss something.
You hear some strange, mumbled words.
A puff of flame appears from out of thin air!
The puff of flame reflects off an invisible shield around you!
The puff of flame hits something.
You miss something. Something hits you but does no damage.
You barely miss something. You block something's attack. Something hits you.
* * * LOW HITPOINT WARNING * * *
You miss something. Something hits you.
* * * LOW HITPOINT WARNING * * *
You miss something. Something hits you but does no damage.
You block something's attack.
You closely miss something.
You hear some strange, mumbled words.
Something tries to affect you, but you resist.
You miss something. Something hits you.
You die...

#........###.........#
#........# ###########
#........+ #........#
#........# #........#
#........#
#........#####
#######.@....#
#[.....# #.)....#
#......# #......#
#......# ###......
...###. ...#


There were no monsters in sight!

Vanquished Creatures
  An adder (D:2)
  2 worms (D:2)
  A leopard gecko (D:3)
  4 orcs (D:3)
  4 giant cockroaches
  10 goblins
  6 hobgoblins
  11 bats
  2 frilled lizards (D:2)
  10 kobolds
  2 rats (D:2)
53 creatures vanquished.

Notes
Turn   | Place    | Note
-------+----------+-------------------------------------------
     0 | D:1      | galech the Demonspawn Fighter began the quest for the Orb.
     0 | D:1      | Reached XP level 1. HP: 18/18 MP: 1/1
   187 | D:1      | Gained mutation: You regenerate a little health from kills.
                  | [demonic ancestry]
   187 | D:1      | Reached XP level 2. HP: 22/24 MP: 2/2
   975 | D:2      | Reached XP level 3. HP: 29/29 MP: 3/3
  1478 | D:2      | Found a blossoming altar of Fedhas.
  1916 | D:3      | Gained mutation: You have sharp fingernails. [demonic
                  | ancestry]
  1916 | D:3      | Reached XP level 4. HP: 35/35 MP: 4/4
  1962 | D:3      | HP: 1/35 [something (2)]
  1965 | D:3      | Slain by an orc wizard

Vault maps used:
D:1:      dpeg_arrival_refuge
D:2:      lemuel_coloured_pillars_altar, minmay_tetromino_i4
D:3:      dancing_weapons_uskayaw

Skill      XL: |  1  2  3 |
---------------+----------+-----
Axes           | 2 3 |  3.0
Shields        | 3 |  3.0
Fighting       | |  3.4
Armour         | |  2.8
Dodging        | |  0.8
Stealth        | |  0.2

Action                   |  1- 3 |  4- 6 || total
-------------------------+-------+-------++-------
Melee: War axe           |   201 |    19 ||   220
  Use: Potion            |       |     3 ||     3
  Eat: Chunk             |     4 |       ||     4
Armor: Scale mail        |   101 |    12 ||   113
Dodge: Dodged            |    64 |     7 ||    71
Block: Shield            |   135 |    12 ||   147
       Reflection        |       |     2 ||     2

Table legend:
 A = Non-vault XP
 B = Vault XP
 C = Vault XP percentage of total XP
 D = Non-vault monster count
 E = Vault monster count
 F = Vault count percentage of total count
                 A         B        C        D         E       F
            +---------+---------+-------+---------+---------+-------
      Total |     103 |       9 |   8.0 |      50 |       3 |   5.7
            +---------+---------+-------+---------+---------+-------
        D:1 |      40 |       0 |   0.0 |      24 |       0 |   0.0
        D:2 |      43 |       9 |  17.3 |      18 |       3 |  14.3
        D:3 |      20 |       0 |   0.0 |       8 |       0 |   0.0
            +---------+---------+-------+---------+---------+-------
